AoeStats
← 月中眠

Arena

507500982Analyzed
4v4 RM · 15d ago on Sep 18, 2026· 51m 42s· 8 players
Game mode
Random Map
Map size
Large (8 player)
Population
200
Speed
Normal
Resources
Standard
Victory
Conquest
Starting age
Dark Age
Ending age
Imperial Age
RankedLock teamsTeams togetherTeam positionsShared explorationLock speedFull tech treeHidden civsTurbo modeCheats
Victory
Defeat
🇨🇳 Koreans · China
1173
+16
🇨🇳 Spanish · China
1154
+16
🇨🇳 Celts · China
1147
+17
🇭🇰 Dravidians · Hong Kong SAR China
1145
+17
🇨🇱 Koreans · Chile
1176
-17
🇩🇪 Hindustanis · Germany
1175
-17
🇹🇷 Bohemians · Türkiye
1151
-16
🇩🇰 Cumans · Denmark
1148
-16
Doge
11:01 Feudal Age
14:53 Castle Age
12:49 Double-Bit Axe
14:44 Gold Mining
15:02 Loom
15:56 Wheelbarrow
15:47 Horse Collar
16:47 Bow Saw
17:03 Fletching
25:06 Heavy Plow
27:44 Bodkin Arrow
28:28 Hand Cart
33:09 Imperial Age
31:18 Padded Archer Armor
32:52 Ballistics
33:10 Stone Mining
34:08 Padded Archer Armor
33:36 Siege Elephant
35:27 Two-Man Saw
34:15 Elite Elephant Archer
35:39 Bracer
35:55 Leather Archer Armor
41:00 Conscription
41:25 Medical Corps
42:07 Husbandry
43:41 Ring Archer Armor
44:02 Forging
43:53 Scale Mail Armor
44:22 Thumb Ring
44:14 Onager
44:37 Elite Urumi Swordsman
46:10 Iron Casting
45:38 Town Watch
46:58 Chemistry
46:17 Squires
46:03 Gambesons
45:53 Siege Onager
47:51 Wootz Steel
48:35 Blast Furnace
47:51 Chain Mail Armor
51:09 Caravan
月中眠
5:45 Loom
11:23 Feudal Age
15:11 Castle Age
14:53 Double-Bit Axe
16:13 Bow Saw
26:37 Horse Collar
28:55 Scale Mail Armor
32:28 Chain Mail Armor
32:27 Gold Mining
33:16 Forging
33:40 Squires
33:26 Gambesons
37:16 Imperial Age
34:33 Town Watch
35:24 Wheelbarrow
36:57 Iron Casting
37:06 Eupseong
38:31 Elite Fire Lancer
40:24 Heavy Rocket Cart
45:39 Plate Mail Armor
45:18 Capped Ram
49:37 Chemistry
51:15 Guilds
50:53 Pikeman
52:22 Gold Shaft Mining
51:37 Stone Mining
51:54 Arson
Eleangt
11:35 Feudal Age
11:17 Loom
12:37 Double-Bit Axe
15:23 Castle Age
13:51 Horse Collar
16:22 Heavy Plow
16:40 Bow Saw
22:48 Wheelbarrow
25:17 Hand Cart
24:48 Town Watch
25:54 Padded Archer Armor
26:39 Husbandry
27:06 Stone Mining
29:53 Imperial Age
27:09 Town Watch
27:45 Bloodlines
27:51 Leather Archer Armor
27:58 Fletching
28:46 Stone Shaft Mining
28:04 Gold Mining
30:07 Masonry
30:18 Ballistics
29:53 Murder Holes
29:57 Elite Conquistador
30:57 Conscription
31:13 Ring Archer Armor
30:34 Light Cavalry
32:24 Two-Man Saw
32:02 Bodkin Arrow
33:17 Chemistry
33:58 Coinage
33:39 Guilds
33:47 Guilds
35:01 Hoardings
35:14 Banking
36:48 Architecture
37:43 Bracer
37:49 Scale Barding Armor
37:54 Forging
40:00 Chain Barding Armor
39:02 Hussar
42:11 Plate Barding Armor
42:11 Iron Casting
47:59 Blast Furnace
49:42 Scale Mail Armor
50:24 Bombard Tower
50:15 Fortified Wall
51:09 Chain Mail Armor
50:16 Man-at-Arms
50:42 Gambesons
50:57 Squires
50:43 Arson
黑土
11:32 Feudal Age
12:58 Double-Bit Axe
16:08 Castle Age
14:16 Horse Collar
17:41 Bow Saw
20:08 Loom
21:34 Wheelbarrow
21:43 Loom
22:30 Gold Mining
28:07 Imperial Age
25:45 Stone Mining
26:30 Gold Shaft Mining
26:37 Scale Mail Armor
27:24 Hand Cart
27:18 Heavy Plow
28:20 Pikeman
29:15 Halberdier
31:53 Conscription
33:25 Furor Celtica
33:13 Town Watch
35:08 Heavy Scorpion
37:29 Chain Mail Armor
37:25 Forging
37:31 Guilds
38:32 Elite Woad Raider
41:56 Plate Mail Armor
42:01 Iron Casting
43:08 Siege Engineers
43:24 Ballistics
44:04 Chemistry
46:58 Capped Ram
48:48 Siege Ram
tHeDesiRe
10:42 Feudal Age
11:42 Double-Bit Axe
14:33 Castle Age
12:22 Horse Collar
16:26 Bow Saw
17:42 Heavy Plow
21:59 Wheelbarrow
23:52 Hand Cart
27:09 Imperial Age
24:44 Town Watch
25:29 Stone Mining
25:30 Gold Mining
27:03 Gold Shaft Mining
27:03 Stone Shaft Mining
26:39 Scale Mail Armor
26:46 Scale Barding Armor
26:51 Forging
27:22 Bloodlines
27:12 Husbandry
27:27 Town Patrol
27:26 Heavy Camel Rider
28:28 Chain Barding Armor
28:05 Loom
29:36 Two-Man Saw
30:07 Plate Barding Armor
30:23 Conscription
30:12 Grand Trunk Road
33:03 Iron Casting
33:06 Shatagni
34:46 Chemistry
34:25 Imperial Camel Rider
35:20 Padded Archer Armor
36:20 Blast Furnace
36:37 Leather Archer Armor
37:04 Hoardings
37:05 Masonry
37:16 Ballistics
38:21 Fletching
39:38 Bodkin Arrow
40:14 Ring Archer Armor
46:57 Caravan
46:33 Light Cavalry
47:40 Siege Engineers
47:31 Murder Holes
47:43 Siege Engineers
47:28 Hussar
Stench_of_Evil
9:58 Feudal Age
10:29 Double-Bit Axe
10:26 Horse Collar
18:50 Castle Age
18:06 Wheelbarrow
19:33 Forging
19:24 Scale Mail Armor
19:47 Loom
27:47 Bow Saw
32:37 Imperial Age
30:56 Hand Cart
30:26 Town Watch
31:45 Bloodlines
32:02 Heavy Plow
32:37 Scale Barding Armor
32:42 Forging
34:18 Conscription
34:05 Steppe Husbandry
35:36 Two-Man Saw
34:42 Elite Steppe Lancer
36:17 Chain Barding Armor
1s3m
12:02 Feudal Age
13:53 Double-Bit Axe
16:25 Castle Age
17:13 Horse Collar
17:48 Fervor
19:45 Squires
20:26 Pikeman
22:01 Forging
21:52 Scale Mail Armor
26:11 Arson
30:14 Imperial Age
28:47 Chain Mail Armor
31:19 Wheelbarrow
32:16 Chemistry
33:12 Conscription
34:06 Halberdier
36:51 Iron Casting
36:47 Plate Mail Armor
38:16 Fletching
38:27 Padded Archer Armor
38:36 Elite Skirmisher
39:32 Bow Saw
39:25 Heavy Plow
39:47 Ballistics
40:08 Bodkin Arrow
40:29 Leather Archer Armor
41:15 Blast Furnace
40:58 Bracer
43:07 Ring Archer Armor
45:19 Hussite Reforms
Nichelson3360
10:59 Feudal Age
10:40 Loom
13:13 Fletching
27:46 Castle Age
25:40 Stone Mining
26:01 Horse Collar
26:08 Double-Bit Axe
26:53 Gold Mining
30:46 Eupseong
32:12 Gold Shaft Mining
33:18 Bodkin Arrow
35:00 Wheelbarrow
38:36 Imperial Age
36:24 Hand Cart
37:33 Forging
37:23 Scale Mail Armor
39:05 Bow Saw
40:18 Bracer
40:51 Heavy Plow
40:54 Squires
40:40 Gambesons
40:15 Man-at-Arms
40:41 Arson
42:04 Stone Shaft Mining
42:09 Iron Casting
41:49 Chain Mail Armor
42:56 Long Swordsman
43:03 Heavy Rocket Cart
43:49 Two-Handed Swordsman
45:59 Plate Mail Armor
45:22 Champion
47:10 Chemistry
46:31 Ballistics
46:18 Siege Engineers
49:00 Shinkichon
49:01 Conscription
Connection lost

Rejoining the realm…

Still unreachable

The connection could not be restored.

Session expired

The server has moved on; the page needs a fresh start.